 Dungeon Crawl Stone Soup version 0.28.0-53-g5a82cb258f (webtiles) character file.

Game seed: 12337554627601987524

189 Peloso the Slasher (level 5, 0/47 HPs)
             Began as a Minotaur Fighter on July 27, 2022.
             Slain by a phantom (5 damage)
             ... on level 4 of the Dungeon.
             The game lasted 00:06:36 (2563 turns).

Peloso the Slasher (Minotaur Fighter)               Turns: 2563, Time: 00:06:37

Health: 0/47       AC:  7    Str: 21    XL:     5   Next: 40%
Magic:  4/4        EV:  9    Int:  5    God:
Gold:   89         SH:  4    Dex: 11    Spells: 4/4 levels left

rFire   . . .      SeeInvis .   a - +0 long sword
rCold   . . .      Faith    .   c - +0 buckler
rNeg    . . .      Spirit   .   k - +0 scale mail
rPois   .          Reflect  .   (helmet restricted)
rElec   .          Harm     .   (no cloak)
rCorr   .          Rampage  .   (no gloves)
Will    .....                   (no boots)
Stlth   ..........              (no amulet)
HPRegen 0.15/turn               (no ring)
MPRegen 0.09/turn               (no ring)

@: very slow
A: horns 2, retaliatory headbutt
a: no special abilities


You were on level 4 of the Dungeon.
You visited 1 branch of the dungeon, and saw 4 of its levels.

You collected 89 gold pieces.

Inventory:

Hand Weapons
 a - a +0 long sword (weapon)
 b - a +1 dagger of flaming
Armour
 c - a +0 buckler (worn)
 k - a +0 scale mail (worn)
Jewellery
 l - a ring of fire
Scrolls
 h - 2 scrolls of enchant armour {unknown}
 m - a scroll of magic mapping
Potions
 d - a potion of might
 g - 2 potions of mutation
 i - a potion of berserk rage


   Skills:
 + Level 4.3 Fighting
 + Level 5.0 Long Blades
 + Level 4.4 Armour
 + Level 1.5 Dodging
 + Level 4.3 Shields


You had 4 spell levels left.
You didn't know any spells.
Your spell library contained the following spells:

 Spells                   Type           Power      Damage    Failure   Level
 Animate Skeleton         Necr           0%         N/A       88%         1
 Apportation              Tloc           0%         N/A       88%         1
 Summon Small Mammal      Summ           0%         N/A       88%         1


Dungeon Overview and Level Annotations

Branches:
Dungeon (4/15)
 Temple: D:4-7

Altars:

Portals:
Sewer: D:4

Annotations:
D:3 2 transporters, Deemzul's ghost, amateur OpCj


Innate Abilities, Weirdness & Mutations

You have a pair of horns on your head.
You reflexively headbutt those who attack you in melee.


Message History

Unknown command.
The phantom barely misses you. You block the phantom's attack.
A ball python comes into view.
Found a scroll labelled KUGOVV BANEQEA and a long sword.
You block the phantom's attack.
You see here a potion of curing.
A worm, a giant cockroach and a rat come into view.
A rat comes into view.
The ball python bites you but does no damage.
You block the ball python's attack. You block the ball python's attack.
The ball python grabs you. The ball python constricts you.
The ball python loses its grip on you.
You hit the giant cockroach. You headbutt the giant cockroach.
You kill the giant cockroach!
You block the gnoll's attack. The rat bites you but does no damage.
You enter the shallow water.
Moving in this stuff is going to be slow.
A rat comes into view.
The gnoll completely misses you. The ball python misses you.
The ball python grabs you. The ball python constricts you. The worm bites you.
* * * LOW HITPOINT WARNING * * *
You see here a giant cockroach corpse.
Unknown command.
You escape the ball python's grasp.
The gnoll hits you from afar with a +0 spear.
* * * LOW HITPOINT WARNING * * *
The phantom closely misses you.
You enter the shallow water.
Moving in this stuff is going to be slow.
You feel better. The rat bites you.
* * * LOW HITPOINT WARNING * * *
The rat closely misses you. You furiously retaliate!
You headbutt the rat.
You kill the rat!
The gnoll hits you from afar with a +0 spear.
* * * LOW HITPOINT WARNING * * *
You open the door.
A giant cockroach comes into view.
The rat bites you but does no damage. The phantom hits you.
You die...

###### ### #.≈.≈+
B≈# #..≈≈# ∩≈#
#..≈≈# ≈≈#
#####)?≈≈##'##
.......rwr@≈≈#
#....†W≈≈≈#
...#....Sg≈≈# ##
#........# ...
#.#...#### #.#
###.#..### # #..
..#.#..!.#
#.##.###.#.#....#
#.....<#.#.#..###


You could see a phantom, a worm, a gnoll, a giant cockroach, a ball python and 2
rats.

Vanquished Creatures
  An orc wizard (D:3)
  3 gnolls (D:4)
  6 adders
  A worm (D:3)
  A dart slug (D:1)
  3 orcs (D:3)
  3 ball pythons
  7 bats
  9 endoplasms
  3 giant cockroaches
  3 goblins
  4 hobgoblins
  10 jackals (D:3)
  7 kobolds
  4 quokkas
  3 frilled lizards
  A rat (D:4)
69 creatures vanquished.

Notes
Turn   | Place    | Note
-------+----------+-------------------------------------------
     0 | D:1      | Peloso the Minotaur Fighter began the quest for the Orb.
     0 | D:1      | Reached XP level 1. HP: 19/19 MP: 0/0
   166 | D:1      | Reached XP level 2. HP: 20/27 MP: 1/1
   630 | D:1      | Reached XP level 3. HP: 31/33 MP: 2/2
  1024 | D:2      | Reached skill level 3 in Long Blades
  1370 | D:2      | Found a faded altar of an unknown god.
  1561 | D:3      | Reached XP level 4. HP: 40/40 MP: 3/3
  1586 | D:3      | Reached skill level 1 in Dodging
  1599 | D:3      | Reached skill level 4 in Long Blades
  1890 | D:3      | Reached XP level 5. HP: 46/46 MP: 4/4
  2299 | D:3      | Found a transporter.
  2301 | D:3      | Noticed Deemzul's ghost (amateur OpCj)
  2304 | D:3      | Noticed a phantom
  2448 | D:3      | Found a transporter.
  2547 | D:4      | Noticed a phantom
  2550 | D:4      | Reached skill level 5 in Long Blades
  2560 | D:4      | HP: 1/47 [gnoll/+0 spear (2)]
  2563 | D:4      | Found a glowing drain.
  2563 | D:4      | Slain by a phantom

Illustrated notes

Levels and vault maps discovered:
D:1:      dpeg_arrival_shelter, layout_basic, columned_hall_lemuel
D:2:      layout_loops_ring, hellmonk_ecumenical_altar_slurped_away
D:3:      layout_loops_ring, gammafunk_ghost_mausoleum
D:4:      layout_basic, portal_sewer_entry_e, eino_curves_02

Skill      XL: |  1  2  3  4  5 |
---------------+----------------+-----
Shields        | 4 |  4.3
Fighting       | 4 |  4.3
Armour         | 4 |  4.4
Long Blades    | 3 4 5 |  5.0
Dodging        | 1 |  1.5

Action                   |  1- 3 |  4- 6 || total
-------------------------+-------+-------++-------
Melee: Long sword        |    81 |    81 ||   162
       Headbutt          |     8 |    10 ||    18
  Use: Scroll            |       |     6 ||     6
       Potion            |       |     1 ||     1
Armor: Scale mail        |    44 |    40 ||    84
Dodge: Dodged            |    39 |    49 ||    88
Block: Buckler           |    22 |    29 ||    51
